Map: New Gettysburg LE

Players

Drani

  • Race: Terran Terran
  • League: Platinum
  • Spawn Location: 7:00

Amix - Winner!

  • Race: Zerg Zerg
  • League: Platinum
  • Spawn Location: 5:00

VOD

Have the link to the VOD?

Description

Time

  • Played on: Nov. 13, 2016, 7:57 a.m.
  • Length: 15:36
Show
View Real Time Build Order
Export as new Build Order

Drani Terran 

Build Orders: MMM Bio 

Get SALT Encoding   

  12  0:01  SCV  
  13  0:15  SCV  
  13  0:20  Supply Depot  
  14  0:28  SCV  
  15  0:31  Refinery  
  15  0:43  Barracks  
  15  0:46  SCV  
  16  0:58  SCV  
  17  1:11  SCV  
  18  1:23  SCV  
  19  1:28  Engineering Bay  
  19  1:34  Engineering Bay  
  19  1:39  Reaper  
  20  1:43  Orbital Command  
  20  2:04  Engineering Bay  
  20  2:11  Barracks Reactor  
  20  2:16  SCV  
  20  2:20  Barracks  
  21  2:25  Supply Depot  
  21  2:30  Bunker  
  20  3:04  Marine x2  
  22  3:22  Marine  
  22  3:29  Barracks Tech Lab  
  22  3:36  Command Center  
  22  3:40  Bunker  
  22  3:41  SCV  
  23  3:51  Marine x2  
  23  3:53  Marine  
  23  3:54  Stimpack  
  26  4:04  Engineering Bay  
  26  4:05  SCV  
  26  4:07  Supply Depot  
  27  4:10  Refinery  
  27  4:13  Supply Depot  
  27  4:15  Marine x2  
  29  4:17  Marine  
  29  4:20  SCV  
  29  4:23  Factory  
  31  4:32  Supply Depot  
  31  4:33  Marine x2  
  31  4:34  Supply Depot  
  31  4:35  Marine  
  34  4:44  SCV  
  35  4:50  Terran Infantry Weapons Level 1  
  35  4:51  Marine x2  
  38  4:53  Marine  
  38  4:55  Orbital Command  
  38  5:01  SCV  
  39  5:09  Marine  
  39  5:12  Marine x2  
  42  5:18  Starport  
  42  5:21  Factory Reactor  
  43  5:28  SCV  
  43  5:29  Marine  
  43  5:30  Marine x2  
  46  5:40  SCV  
  47  5:43  SCV  
  47  5:47  Marine  
  47  5:48  Marine  
  50  5:55  SCV, Combat Shields  
  50  5:56  SCV  
  52  6:04  Marine x2  
  52  6:07  SCV  
  52  6:08  SCV  
  52  6:09  Medivac x2  
  60  6:20  Missile Turret  
  60  6:21  SCV, Missile Turret  
  60  6:22  SCV  
  62  6:25  Marine x2  
  62  6:26  Marine  
  62  6:27  Factory Tech Lab  
  65  6:33  SCV  
  65  6:34  SCV  
  67  6:43  Marine x2  
  69  6:53  Marine  
  70  6:56  SCV x2  
  72  7:01  Marine x2, Command Center  
  72  7:07  Siege Tank  
  72  7:08  SCV  
  78  7:14  Supply Depot x2  
  78  7:35  Marine, SCV x2  
  61  7:58  SCV x2, Liberator x2  
  63  8:08  Siege Tank  
  63  8:10  SCV x2  
  74  8:25  Barracks  
  74  8:27  Barracks  
  74  8:28  Barracks  
  74  8:40  SCV x2  
  76  8:42  Planetary Fortress  
  76  8:52  SCV x2  
  72  9:16  SCV x2  
  59  9:25  Marine  
  59  9:26  Barracks Tech Lab  
  59  9:27  Barracks Reactor  
  59  9:28  SCV x2  
  62  9:31  Terran Infantry Armor Level 1  
  62  9:34  Barracks Reactor  
  62  9:36  SCV  
  63  9:40  SCV x2  
  63  9:42  Viking x2  
  69  9:48  SCV  
  69  9:52  SCV  
  71  10:06  Marine  
  71  10:07  Marine x4  
  66  10:08  Marauder  
  66  10:11  Siege Tank  
  66  10:13  SCV  
  76  10:24  Marine x2  
  76  10:25  Marine x3  
  81  10:28  Marine, Liberator  
  81  10:29  Marine x2, Liberator  
  81  10:32  Supply Depot  
  84  10:42  Marine  
  85  10:44  Missile Turret  
  85  10:45  Missile Turret  
  85  10:46  Missile Turret  
  91  10:52  Refinery  
  91  10:53  Refinery, Missile Turret  
  91  10:54  Missile Turret  
  91  10:55  Missile Turret  
  91  10:58  Marine x7, Missile Turret  
  91  11:00  Marine  
  91  11:03  Missile Turret  
  99  11:09  Armory, Engineering Bay  
  99  11:12  Supply Depot  
  99  11:13  Supply Depot  
  99  11:15  Marine  
  99  11:16  Marine  
  101  11:19  Liberator x2  
  107  11:42  Refinery  
  107  11:43  Refinery  
  107  11:52  Starport  
  107  11:58  Barracks Reactor  
  107  12:02  Marine x4  
  107  12:03  Siege Tank  
  114  12:13  Terran Vehicle Weapons Level 1  
  114  12:19  SCV x2  
  114  12:20  SCV, Liberator  
  117  12:23  Command Center  
  117  12:31  SCV  
  117  12:32  SCV x2  
  117  12:35  Siege Tank  
  123  12:37  Armory  
  126  12:44  Liberator x2  
  132  13:08  Factory  
  132  13:13  Supply Depot  
  132  13:14  Supply Depot  
  132  13:16  Supply Depot  
  132  13:17  Supply Depot, Liberator  
  132  13:19  Supply Depot  
  132  13:21  Supply Depot  
  132  13:34  Siege Tank  
  132  13:39  Refinery  
  132  13:40  Refinery, Planetary Fortress  
  138  13:43  Missile Turret  
  138  13:44  Supply Depot  
  138  13:49  Missile Turret  
  138  13:52  Missile Turret  
  138  14:11  Factory, Siege Tank x2  
  144  14:24  Viking x2  
  148  14:39  Supply Depot  
  148  14:43  Siege Tank x2  
Show
View Real Time Build Order
Export as new Build Order

Amix Zerg - Winner!

Build Orders: Hatch First 

Get SALT Encoding   

  12  0:01  Drone  
  13  0:13  Overlord  
  13  0:20  Drone  
  14  0:32  Drone x2  
  14  0:35  Drone  
  17  0:55  Hatchery  
  17  0:56  Drone  
  17  1:01  Drone  
  18  1:04  Extractor  
  17  1:20  Drone, Spawning Pool  
  17  1:25  Drone  
  18  1:51  Hatchery  
  17  1:57  Drone  
  17  1:58  Drone x2  
  20  2:09  Queen, Spine Crawler  
  21  2:16  Zergling x2  
  21  2:17  Zergling x2  
  23  2:27  Drone  
  23  2:28  Drone  
  25  2:32  Spine Crawler  
  23  2:50  Queen  
  25  3:00  Spine Crawler  
  23  3:33  Drone x6  
  29  3:39  Queen  
  33  3:44  Extractor  
  30  3:51  Drone  
  30  3:52  Drone x2  
  30  3:55  Overlord x3  
  33  4:09  Overlord  
  33  4:10  Overlord x2  
  33  4:13  Queen  
  33  4:16  Queen  
  37  4:35  Spore Crawler  
  37  4:36  Drone x4  
  37  4:37  Drone x2, Spore Crawler  
  41  4:46  Drone  
  41  4:47  Drone x3  
  45  4:57  Zergling x8  
  49  5:12  Drone x7, Extractor x2  
  49  5:13  Drone  
  55  5:17  Pneumatized Carapace  
  55  5:27  Drone x2  
  55  5:28  Drone, Spine Crawler  
  57  5:49  Drone x2  
  60  5:50  Drone x7  
  66  6:01  Lair  
  66  6:15  Zergling x6  
  66  6:16  Zergling x18  
  66  6:17  Zergling x2  
  79  6:22  Baneling Nest  
  79  6:25  Drone x3, Extractor  
  80  6:27  Extractor  
  79  6:38  Hatchery  
  79  6:40  Drone x3  
  79  6:42  Overlord  
  81  6:48  Hatchery  
  81  6:49  Zergling x2  
  81  7:05  Infestation Pit, Overseer  
  81  7:07  Zergling x2  
  81  7:08  Zergling x16  
  88  7:12  Metabolic Boost  
  89  7:17  Centrifical Hooks  
  65  7:58  Drone x5  
  68  7:59  Drone x7  
  68  8:00  Drone x3  
  80  8:15  Hive  
  80  8:16  Zergling x4  
  80  8:17  Zergling x10  
  87  8:24  Zergling x10  
  87  8:25  Evolution Chamber, Zergling x2  
  87  8:26  Queen x3  
  94  8:27  Queen  
  94  8:28  Evolution Chamber  
  99  8:36  Baneling x3  
  99  8:37  Baneling x7  
  99  8:43  Zergling x6  
  99  8:45  Overlord x5  
  102  8:52  Baneling x9  
  102  8:53  Baneling x3  
  91  9:16  Zergling x12  
  91  9:17  Zergling x20  
  105  9:25  Spire  
  104  9:44  Queen x4  
  112  10:17  Overseer  
  112  10:33  Zerg Ground Armor Level 1, Zerg Melee Weapons Level 1, Ultralisk Cavern  
  112  10:35  Hatchery  
  110  10:39  Corruptor x3  
  110  10:40  Corruptor x8  
  110  10:42  Overlord x4  
  132  10:43  Overlord x3  
  132  10:58  Baneling x3  
  132  10:59  Baneling x9  
  132  11:00  Baneling x8  
  132  11:01  Baneling x5  
  132  11:06  Zergling x4  
  132  11:07  Zergling x16  
  132  11:08  Zergling x14  
  149  11:25  Extractor x2  
  147  11:29  Overlord x2  
  147  11:30  Overlord x3  
  147  11:38  Ultralisk x2  
  159  11:47  Drone  
  159  11:48  Drone x9  
  159  11:49  Drone  
  170  12:27  Zerg Melee Weapons Level 2  
  170  12:28  Zerg Ground Armor Level 2  
  170  12:34  Adrenal Glands  
  170  12:36  Ultralisk x2  
  182  12:40  Ultralisk  
  182  12:42  Extractor  
  182  12:43  Extractor  
  186  12:48  Chitinous Plating  
  186  13:02  Drone x5, Hatchery  
  190  13:18  Mutalisk  
  190  13:19  Ultralisk  
  198  14:12  Extractor  
  198  14:15  Extractor  
  196  14:18  Drone x3  
Tags
 
Composition
MMM Bio
Matchup
TvZ
Spawn Locations
Close Positions
Add a new tag
Caveats
  • Supply blocks, unpowered buildings, or Contaminate may cause inaccurate times.
  • Supply counts are checked every 10 seconds.